 Dungeon Crawl Stone Soup version 0.19.0-19-g8c6edcc (webtiles) character file.

62 Leybi the Digger (level 4, -5/24 HPs)
             Began as a Gargoyle Earth Elementalist on Nov 13, 2016.
             Killed from afar by an orc wizard (7 damage)
             ... with a magic dart
             ... on level 3 of the Dungeon.
             The game lasted 00:05:33 (2035 turns).

Leybi the Digger (Gargoyle Earth Elementalist)      Turns: 2035, Time: 00:05:34

Health: -5/24      AC:  8    Str: 11    XL:     4   Next: 8%
Magic:  7/9        EV: 12    Int: 17    God:
Gold:   60         SH:  0    Dex: 10    Spells: 1 memorised, 8 levels left

rFire  . . .     SeeInvis .     b - 106 stones
rCold  . . .     Gourm    .     c - +0 robe
rNeg   + . .     Faith    .     (no shield)
rPois  ∞         Spirit   .     m - +0 helmet
rElec  +         Reflect  .     w - +0 cloak
rCorr  .         Harm     .     o - +0 pair of gloves
MR     .....                    (no boots)
Stlth  ++........               (no amulet)
                                (no ring)
                                (no ring)

@: no status effects
A: negative energy resistance 1, electricity resistance, unbreathing,
petrification resistance, rot immunity, AC +3
a: no special abilities


You were on level 3 of the Dungeon.
You were not hungry.

You visited 1 branch of the dungeon, and saw 3 of its levels.

You collected 60 gold pieces.

Inventory:

Missiles
 b - 106 stones (in hand)
Armour
 c - a +0 robe (worn)
 j - a +0 shield
 m - a +0 helmet (worn)
 o - a +0 pair of gloves (worn)
 w - a +0 cloak (worn)
Scrolls
 f - a scroll of identify {unknown}
 h - 3 scrolls of remove curse {unknown}
 r - 2 scrolls of enchant weapon {unknown}
 s - 2 scrolls of blinking {unknown}
 u - a scroll of amnesia {unknown}
 v - a scroll of teleportation {unknown}
 x - a scroll of random uselessness {unknown}
Potions
 a - a potion of brilliance {unknown}
 g - 3 potions of curing {unknown}
 i - 2 potions of agility {unknown}
 k - a potion of heal wounds {unknown}
 l - a potion of magic {unknown}
 q - 2 potions of mutation {unknown}
 t - a potion of flight {unknown}
Books
 e - a book of Geomancy

   Spells                             Type                      Level
   a - Sandblast                      Earth                        1
   b - Passwall                       Transmutation/Earth          2
   c - Stone Arrow                    Conjuration/Earth            3
   d - Petrify                        Transmutation/Earth          4
   e - Lee's Rapid Deconstruction     Earth                        5
Comestibles
 d - 3 bread rations
 n - a chunk of flesh
 p - a meat ration


   Skills:
 - Level 1.5 Dodging
 - Level 2.1 Stealth
 * Level 3.4 Spellcasting
   Level 0.7 Transmutations
 + Level 4.4 Earth Magic


You had 8 spell levels left.
You knew the following spells:

 Your Spells              Type           Power        Failure   Level  Hunger
a - Sandblast             Erth           ###...       2%          1    None


Dungeon Overview and Level Annotations

Branches:
Dungeon (3/15)

Altars:
Sif Muna


Innate Abilities, Weirdness & Mutations

You are resistant to torment.
Your stone body is resilient. (AC +3)
You are immune to poison.
You resist negative energy. (rN+)
You are resistant to electric shocks. (rElec)
You can survive without breathing.
You are immune to petrification.
You are immune to rotting.


Message History

The orc wizard mumbles some strange words.
You see here a club.
The orc wizard hits you but does no damage.
The orc wizard hits you but does no damage.
The orc wizard hits you but does no damage.
The orc wizard hits you but does no damage.
The orc wizard hits you but does no damage.
The orc wizard casts a spell at you. The magic dart hits you!
* * * LOW HITPOINT WARNING * * *
The orc wizard hits you but does no damage.
The orc wizard jeers noisily.
The orc wizard gestures at you while chanting.
The magic dart hits you!
* * * LOW HITPOINT WARNING * * *
The orc wizard mumbles some strange words.
The orc wizard blinks!
The orc wizard gestures at you while chanting.
The magic dart hits you!
You die...

#.# #.# #.#
#.#
.######.#####
.........o..##
#####.o###..#
###.## ##.###
#@..# #.o.##
#..### ###..#
#.## ##.# ...
#o# ###. ##.#
#. ###..# ##
#...## ##o###
..#+#.)####


You could see an orc wizard and an orc.

Vanquished Creatures
  2 adders (D:2)
  A dart slug (D:1)
  2 orcs
  3 giant cockroaches
  6 goblins
  3 hobgoblins
  5 jackals (D:1)
  3 ball pythons (D:2)
  4 bats
  2 frilled lizards (D:1)
  2 kobolds (D:1)
  7 rats
40 creatures vanquished.

Notes
Turn   | Place    | Note
-------+----------+-------------------------------------------
     0 | D:1      | Leybi the Gargoyle Earth Elementalist began the quest for the Orb.
     0 | D:1      | Reached XP level 1. HP: 10/10 MP: 3/3
   331 | D:1      | Reached XP level 2. HP: 4/15 MP: 0/5
  1135 | D:2      | Reached XP level 3. HP: 18/19 MP: 4/7
  1137 | D:2      | Reached skill level 4 in Earth Magic
  1594 | D:2      | Found a deep blue altar of Sif Muna.
  1940 | D:3      | Reached XP level 4. HP: 24/24 MP: 3/9
  2035 | D:3      | Killed from afar by an orc wizard

Skill      XL: |  1  2  3 |
---------------+----------+-----
Spellcasting   | 3 |  3.4
Earth Magic    | 4 |  4.4
Dodging        | |  1.5
Stealth        | |  2.1
Transmutations | |  0.7

Action                   |  1- 3 |  4- 6 || total
-------------------------+-------+-------++-------
 Cast: Sandblast         |    59 |     7 ||    66
  Eat: Chunk             |     3 |     1 ||     4
Armor: Robe              |    19 |     5 ||    24
Dodge: Dodged            |    26 |     1 ||    27
